woodfighter, chaotic female sylph Ranger # ---|- |...| #-...-# #|>..|# #-.---# # # # ##### # # # ### ------------ ### # # |........<.| ## # ##...........| #----.--- |..........| -.- --.-- ###.......-- |..........| |....@.%%#####|.......| ------------ |...@%..|### |.......| |..aa. +`####-.......| --......| -.---+-- woodfighter the Reconnoiteress Experience level: 12 Strength: 16 Dexterity: 17 Constitution: 16 Intelligence: 13 Wisdom: 15 Charisma: 7 Health: 0(73) Energy: 67(67) Def: 8 Gold: 0 Moves: 24514 Dungeon seed: WP9tXSzxEFoNfNV1 Game ID: woodfighter_1469020503 Your Inventory: Amulets N - an uncursed amulet of reflection (being worn) Weapons a - a burnt +2 bow (weapon in hand) d - 37 +0 arrows p - 31 cursed +0 arrows E - 28 +2 arrows (in quiver) G - 5 poisoned +0 elven arrows Armor q - an uncursed +0 cloak of magic resistance (being worn) A - a cursed -1 pair of gauntlets of fumbling Comestibles h - an uncursed lump of royal jelly o - an uncursed tin of leprechaun meat u - an uncursed food ration H - an uncursed tin of rothe meat P - 2 uncursed lizard corpses Scrolls e - an uncursed scroll of scare monster Potions X - a blessed potion of enlightenment Rings j - an uncursed thoroughly rusty +3 ring of protection (on right hand) n - a blessed greased ring of slow digestion (on left hand) Wands W - a wand of create monster (0:15) Tools s - a blessed bag of holding w - an uncursed towel x - an uncursed magic whistle K - a +0 unicorn horn O - a +0 pick-axe Q - an uncursed skeleton key R - a blessed oil lamp (0:1156) S - a +0 unicorn horn Y - an uncursed pair of lenses (being worn) Gems y - an uncursed luckstone Contents of the bag of holding: 7168 gold pieces an uncursed +0 mummy wrapping a cursed -1 pair of levitation boots an uncursed +0 shield of reflection an uncursed scroll of confuse monster 2 uncursed scrolls of destroy armor a cursed scroll of destroy armor a cursed scroll of enchant armor 2 uncursed scrolls of enchant weapon an uncursed scroll of gold detection a blessed scroll of identify an uncursed scroll of identify 2 uncursed scrolls of teleportation an uncursed spellbook of fireball an uncursed spellbook of jumping an uncursed spellbook of restore ability an uncursed potion of extra healing an uncursed potion of fruit juice 2 uncursed potions of gain level an uncursed potion of hallucination 2 uncursed potions of object detection an uncursed potion of oil a blessed potion of polymorph a cursed potion of see invisible an uncursed potion of water an uncursed ring of levitation an uncursed ring of levitation an uncursed ring of polymorph control a blessed very rusty +2 ring of protection a wand of digging (0:7) a wand of digging (0:7) a wand of fire (0:3) a wand of striking (0:8) a wand of striking (0:7) an uncursed brass lantern (0:1319) an uncursed brass lantern (0:1489) a blessed oil lamp (0:953) an uncursed sack an uncursed sack 2 uncursed partly used tallow candles (0:199) a +0 unicorn horn 6 cursed wax candles (0:400) Spells and supernatural/magical abilities: Name Level Category Fail Memory W - pray for help -- divine ? -- Your skills at the end: Miscellaneous Skills wands [Basic] Weapon Skills dagger [Basic] bow [Expert] Spellcasting Skills Final Attributes: You were piously aligned. You were poison resistant. You were magic-protected. You saw invisible. You had automatic searching. You had infravision. You were displaced. You were stealthy. You had slower digestion. You were protected. You were protected from shape changers. You had reflection. You were lucky. You had extra luck. Bad luck did not time out for you. Good luck did not time out for you. You are dead. Vanquished creatures: a nurse 3 Aleaxes a frost giant 4 ghosts a queen bee 2 giant mimics a flesh golem a large mimic a wumpus a long worm a couatl 3 stalkers a xorn a giant zombie an elf-lord 4 wargs 2 winter wolves 3 small mimics 2 glass piercers a warhorse 3 xans a quantum mechanic 7 trolls 6 wood golems 3 pyrolisks 2 large dogs 3 freezing spheres 3 flaming spheres 4 shocking spheres 4 large cats 3 tigers 4 dwarf kings 4 tengu 2 chameleons a crocodile a leocrotta 2 energy vortices a mountain centaur 3 giants 3 elf mummies a pit viper 2 pythons 5 wraiths 2 ettin zombies a leather golem a Grey-elf an incubus 2 giant beetles 3 cockatrices 7 wolves 3 winter wolf cubs a lynx 5 panthers 3 leprechauns 3 quivering blobs 6 lizards 2 orc-captains a mumak 7 giant spiders 3 scorpions an iron piercer 4 horses 3 black lights a vampire bat 3 gnome kings an orc mummy a dwarf mummy a brown pudding a rust monster 3 owlbears 4 yetis a gold golem a Green-elf 5 chickatrices a dog 4 dingos a housecat a jaguar 4 dwarf lords 3 blue jellies 3 water nymphs 6 white unicorns a gray unicorn 4 dust vortices 3 ravens 8 plains centaurs a gnome mummy 9 apes 5 human zombies 3 soldier ants 3 fire ants a bugbear 3 wood nymphs 3 Mordor orcs 3 Uruk-hai 2 orc shamans 5 rock moles 3 rock piercers 4 ponies a fog cloud 7 yellow lights 2 shriekers a violet fungus 18 gnome lords 12 gnomish wizards 2 kobold mummies a red naga hatchling a guardian naga hatchling 4 gray oozes a barrow wight 3 elf zombies 4 ghouls a straw golem 3 giant ants 2 little dogs 2 floating eyes a kitten 21 dwarves 3 kobold lords 2 kobold shamans 4 iguanas 7 hill orcs 10 rothes a rabid rat a centipede 8 giant bats 4 orc zombies a dwarf zombie a wererat 5 werejackals 25 killer bees 3 gas spores 10 hobbits 8 acid blobs 2 large kobolds 9 geckos 6 hobgoblins 9 giant rats 8 cave spiders 2 brown molds 4 yellow molds 2 green molds 2 red molds 71 gnomes 3 garter snakes 6 manes 4 gnome zombies 9 jackals 2 foxes a kobold 11 newts 2 goblins a sewer rat 18 grid bugs 5 bats 7 lichens 632 creatures vanquished. Voluntary challenges: You were vegetarian. You had followed a strict vegan diet until turn 3958. You used a wielded weapon 30 times, starting on turn 74. You read items or engraved 9 times, starting on turn 3958. You never genocided any monsters. You never polymorphed an object. You changed form 1 time, starting on turn 4904. You completed Sokoban on turn 10041, according to the rules. You used 1 wish, starting on turn 23134. You did not wish for any artifacts. You never split a pudding. You never wrote Elbereth's name. You violated your moral code, losing 1 point of alignment, starting on turn 9842. Dungeon overview: The Dungeons of Doom: levels 1 to 20 Level 1 a long staircase Level 2 a delicatessen, a fountain Level 3 (vault) a jewelry store, an altar to Mars, a fountain Level 4 stairs to The Gnomish Mines Level 5 (vault) Level 6 a weapon shop Level 7 some fountains, a throne Level 8 Level 9 many fountains Level 10 stairs to Sokoban Level 11 a throne Level 12 a fountain Level 13 Level 14 Level 15 (Quest portal, rogue) portal to The Quest Level 16 a fountain Level 17 some fountains Level 18 (vault) some fountains Level 19 <- You were here Level 20 The Gnomish Mines: levels 5 to 13 Level 5 stairs to The Dungeons of Doom Level 6 Level 7 many shops, a temple to Mars, a magic chest, some fountains Level 8 Level 9 Level 10 Level 11 Level 12 Level 13 many altars to Moloch, a magic chest, some fountains The Quest: Level 1 many trees portal to The Dungeons of Doom Sokoban: levels 6 to 9 Level 6 a magic chest Level 7 Level 8 Level 9 a magic chest stairs to The Dungeons of Doom History has recorded: On T:1 you entered the Dungeons of Doom to retrieve the Amulet of Yendor! On T:83 you reached level 2 of The Dungeons of Doom. On T:272 you advanced to experience level 2. On T:546 you reached level 3 of The Dungeons of Doom. On T:870 you reached level 4 of The Dungeons of Doom. On T:933 you advanced to experience level 3. On T:1261 you reached level 5 of The Dungeons of Doom. On T:1346 you reached level 1 of The Gnomish Mines. On T:1433 you reached level 6 of The Dungeons of Doom. On T:1542 you advanced to experience level 4. On T:1967 you reached level 7 of The Dungeons of Doom. On T:2270 you advanced to experience level 5. On T:2649 you advanced to experience level 6. On T:3230 you reached level 8 of The Dungeons of Doom. On T:3428 you advanced to experience level 7. On T:3650 you reached level 9 of The Dungeons of Doom. On T:4311 you reached level 10 of The Dungeons of Doom. On T:4347 you reached level 11 of The Dungeons of Doom. On T:4738 you reached level 12 of The Dungeons of Doom. On T:4882 you reached level 13 of The Dungeons of Doom. On T:5439 you advanced to experience level 8. On T:5693 you reached level 14 of The Dungeons of Doom. On T:6116 you reached level 4 of Sokoban. On T:6161 you opened a magic chest. On T:6482 you reached level 3 of Sokoban. On T:6553 you opened a magic chest. On T:6554 you opened a magic chest. On T:7092 you reached level 2 of Sokoban. On T:7616 you reached level 1 of Sokoban. On T:9744 you advanced to experience level 9. On T:10041 you advanced to experience level 10. On T:10041 you entered the Sokoban zoo. On T:10324 you opened a magic chest. On T:10325 you opened a magic chest. On T:10326 you opened a magic chest. On T:10327 you opened a magic chest. On T:11835 you opened a magic chest. On T:11868 you opened a magic chest. On T:11892 you opened a magic chest. On T:12219 you reached level 2 of The Gnomish Mines. On T:12298 you reached level 3 of The Gnomish Mines. On T:12789 you entered the Minetown temple On T:12801 you opened a magic chest. On T:12802 you opened a magic chest. On T:12810 you opened a magic chest. On T:12811 you opened a magic chest. On T:13370 you reached level 4 of The Gnomish Mines. On T:13408 you opened a magic chest. On T:13413 you opened a magic chest. On T:13415 you opened a magic chest. On T:13416 you opened a magic chest. On T:14047 you opened a magic chest. On T:14420 you reached level 5 of The Gnomish Mines. On T:15341 you reached level 6 of The Gnomish Mines. On T:15616 you reached level 7 of The Gnomish Mines. On T:15951 you reached level 8 of The Gnomish Mines. On T:16059 you reached level 9 of The Gnomish Mines. On T:16059 you reached the bottom of the Mines. On T:17106 you opened a magic chest. On T:17107 you opened a magic chest. On T:17110 you opened a magic chest. On T:17112 you opened a magic chest. On T:17139 you opened a magic chest. On T:17906 you advanced to experience level 11. On T:18476 you opened a magic chest. On T:18484 you opened a magic chest. On T:19227 you opened a magic chest. On T:19228 you opened a magic chest. On T:19240 you opened a magic chest. On T:19374 you opened a magic chest. On T:19809 you opened a magic chest. On T:19820 you opened a magic chest. On T:19821 you opened a magic chest. On T:19837 you opened a magic chest. On T:19843 you opened a magic chest. On T:22072 you reached level 15 of The Dungeons of Doom. On T:22138 you reached level 1 of The Quest. On T:22205 you reached level 16 of The Dungeons of Doom. On T:22747 you reached level 17 of The Dungeons of Doom. On T:23134 you wished for "fixed blessed greased ring of slow digestion". On T:23174 you reached level 18 of The Dungeons of Doom. On T:23904 you advanced to experience level 12. On T:24163 you reached level 19 of The Dungeons of Doom. On T:24382 you reached level 20 of The Dungeons of Doom. Score breakdown: Gold: 7168 ( 716 points) Experience: 12 levels ( 1100 points) Exploration: 20 levels ( 570 points) Discoveries: 27 items ( 1350 points) Variety of kills: 156 monsters ( 2000 points) Major goal: Sokoban/Mines ( 1500 points) Survival: died (score multiplied by 3) Total score: 21708 Latest messages: The captain hurls a potion called confusion! The jar crashes on your head and breaks into shards. You feel somewhat dizzy. You feel less confused now. The captain wields a silver saber! The silver saber welds itself to the captain's hand! The captain swings her silver saber. The captain slashes you! The arrow hits the captain! The captain swings her silver saber. The captain slashes you! The captain swings her silver saber. The captain slashes you! You shoot 3 arrows. The 1st arrow hits the captain! The 2nd arrow hits the captain! The 3rd arrow hits the captain! The captain swings her silver saber. The captain slashes you! The captain swings her silver saber. The captain slashes you! You die... The sack is empty. (2x) The sack is empty. (2x) Final status: Goodbye woodfighter the Ranger, killed by a captain... You died in The Dungeons of Doom on dungeon level 19 with 21708 points, and 7168 pieces of gold, after 24514 moves. You were level 12 with a maximum of 73 hit points when you died.